 Dungeon Crawl Stone Soup version 0.27-a0-765-ge4d627daa3 (webtiles) character file.

Game seed: 8820455157709368015

93 rageheart7 the Slasher (level 4, -2/29 HPs)
             Began as a Tengu Monk on Mar 25, 2021.
             Slain by a quokka (3 damage)
             ... on level 3 of the Dungeon.
             The game lasted 00:02:27 (1917 turns).

rageheart7 the Slasher (Tengu Monk)                 Turns: 1917, Time: 00:02:28

Health: -2/29      AC: 10    Str: 11 (12) XL:     4   Next: 62%
Magic:  5/5        EV:  2    Int:  8 (10) God:
Gold:   139        SH:  0    Dex: 15 (17) Spells: 3/3 levels left

rFire    . . .     SeeInvis .   a - +0 falchion
rCold    . . .     Faith    .   (no shield)
rNeg     . . .     Spirit   .   f - +0 plate armour
rPois    +         Reflect  .   (helmet restricted)
rElec    .         Harm     .   (no cloak)
rCorr    +         Rampage  .   (no gloves)
Will     .....                  (boots unavailable)
Stlth    ..........             (no amulet)
HPRegen  0.09/turn              i - ring of poison resistance
MPRegen  0.09/turn              g - ring of resist corrosion

@: no status effects
A: beak, talons 3
a: no special abilities


You were on level 3 of the Dungeon.
You visited 1 branch of the dungeon, and saw 3 of its levels.

You collected 139 gold pieces.

Inventory:

Hand Weapons
 a - a +0 falchion (weapon)
Armour
 b - a +0 robe
 d - a +0 buckler
 f - a +0 plate armour (worn)
Jewellery
 g - a ring of resist corrosion (left hand)
 i - a ring of poison resistance (right hand)
 k - a ring of magical power
Wands
 j - a wand of paralysis (8)
Potions
 c - a potion of brilliance


   Skills:
 * Level 3.8 Fighting
 * Level 5.1 Long Blades
 - Level 3.2 Dodging
 - Level 2.0 Stealth


You had 3 spell levels left.
You didn't know any spells.
Your spell library was empty.

Dungeon Overview and Level Annotations

Branches:
Dungeon (3/15)

Altars:
Kikubaaqudgha
Uskayaw


Innate Abilities, Weirdness & Mutations

You have a beak for a mouth.
You have claws for feet.


Message History

The quokka bites you but does no damage.
You barely miss the jackal. Your kick misses the jackal.
Your peck misses the jackal. The jackal bites you.
The jackal bites you but does no damage.
The jackal bites you. The endoplasm freezes you.
You are frozen.
The quokka barely misses you. The jackal barely misses you.
You riposte.
You closely miss the jackal. The jackal bites you.
You miss the jackal. The jackal bites you.
The quokka bites you but does no damage.
The jackal barely misses you. The endoplasm freezes you.
You are frozen.
* * * LOW HITPOINT WARNING * * *
The jackal barely misses you.
You riposte.
You hit the jackal. You claw the jackal.
You kill the jackal!
The jackal bites you but does no damage.
It was a potion of degeneration.
There was something very wrong with that liquid.
You feel weakened.
You feel dopey.
You feel clumsy.
The jackal bites you but does no damage. x2
The quokka bites you but does no damage.
The endoplasm hits you but does no damage.
It was a potion of curing.
You feel better.
The jackal bites you but does no damage.
The jackal barely misses you. The quokka bites you. The endoplasm freezes you.
You are frozen.
* * * LOW HITPOINT WARNING * * *
The jackal bites you but does no damage. x2
You slash the jackal!
You kill the jackal!
The quokka bites you but does no damage.
The jackal bites you but does no damage.
The endoplasm freezes you.
You are frozen.
* * * LOW HITPOINT WARNING * * *
The quokka bites you.
You die...

##. #.##.# #####..
####..... .......
.......# ####.. #.....#
#.. #.....# ###..
#....g# ##....
###...rh###########..###
#.....J@............## #
..#.:..[#############
#######


You could see an endoplasm, a quokka, a jackal and a hobgoblin.

Vanquished Creatures
  2 adders (D:2)
  3 dart slugs
  2 ball pythons
  2 bat zombies (D:2)
  5 endoplasms (D:1)
  3 giant cockroaches
  4 goblins
  4 hobgoblins
  16 jackals
  2 quokkas
  5 bats
  3 frilled lizards
  3 kobolds
  5 rats
  A rat zombie (D:2)
60 creatures vanquished.

Notes
Turn   | Place    | Note
-------+----------+-------------------------------------------
     0 | D:1      | rageheart7 the Tengu Monk began the quest for the Orb.
     0 | D:1      | Reached XP level 1. HP: 14/14 MP: 2/2
   297 | D:1      | Reached XP level 2. HP: 10/19 MP: 3/3
   789 | D:1      | Reached skill level 4 in Long Blades
   928 | D:1      | Reached XP level 3. HP: 22/23 MP: 4/4
  1223 | D:2      | Found a hide-covered altar of Uskayaw.
  1364 | D:2      | Reached XP level 4. HP: 25/29 MP: 5/5
  1499 | D:2      | Found an ancient bone altar of Kikubaaqudgha.
  1590 | D:2      | Reached skill level 5 in Long Blades
  1917 | D:3      | HP: 1/29 [endoplasm/Freeze (5)]
  1917 | D:3      | Slain by a quokka

Illustrated notes

Levels and vault maps discovered:
D:1:      sevenhm_arrival_forest_fort_small_3, layout_loops_ring,
          minmay_misc_feat_five
D:2:      layout_rooms, nicolae_uskayaw_murder_on_the_dancefloor,
          lemuel_zombie_altar_kikubaaqudgha
D:3:      layout_rooms

Skill      XL: |  1  2  3  4 |
---------------+-------------+-----
Long Blades    | 4 5 |  5.1
Fighting       | |  3.8
Dodging        | |  3.2
Stealth        | |  2.0

Action                   |  1- 3 |  4- 6 || total
-------------------------+-------+-------++-------
Melee: Falchion          |    76 |    50 ||   126
       Kick              |    18 |    13 ||    31
       Peck              |     7 |     9 ||    16
  Use: Potion            |       |     2 ||     2
       Scroll            |       |     1 ||     1
 Stab: Sleeping          |     2 |       ||     2
Armor: Robe              |     5 |       ||     5
       Plate armour      |    63 |    85 ||   148
Dodge: Dodged            |    21 |    19 ||    40
       Rpst.: Falchion   |     6 |     7 ||    13

Table legend: (Time is in decaauts)
 A = Elapsed time spent in this place.
 B = Non-inter-level travel time spent in this place.
 C = Inter-level travel time spent in this place.
 D = Time resting spent in this place.
 E = Time spent auto-exploring this place.
 F = Levels seen in this place.
 G = Mean time per level.
                   A        B        C        D        E       F      G
               +--------+--------+--------+--------+--------+-----+--------+
         Total |   1925 |   1859 |     66 |    138 |   1412 |   3 |  641.7 |
       Dungeon |   1925 |   1859 |     66 |    138 |   1412 |   3 |  641.7 |
               +--------+--------+--------+--------+--------+-----+--------+

Top non-repeatable levels by time:
     D:1: 1098 daAuts
     D:2: 731 daAuts
     D:3: 95 daAuts
